 Dungeon Crawl Stone Soup version 0.30-a0-1160-g6e42c06551 (webtiles) character file.

Game seed: 12075077172007068386

273 mandoloar the Insei (level 6, -1/42 HPs)
             Began as an Octopode Transmuter on Apr 26, 2023.
             Slain by Duvessa
             ... wielding a +0 short sword
              (15 damage)
             ... on level 4 of the Dungeon.
             The game lasted 00:09:29 (4209 turns).

mandoloar the Insei (Octopode Transmuter)           Turns: 4209, Time: 00:09:30

Health: -1/42      AC:  1    Str:  9    XL:     6   Next: 24%
Magic:  9/9        EV: 14    Int: 23    God:
Gold:   137        SH:  0    Dex: 13    Spells: 2/9 levels left

rFire   . .          .
                       - Unarmed
rCold   . . .        (no shield)
rNeg    . . .        (helmet currently unavailable)
rPois   .            d - amulet of magic regeneration
rElec   .            g - ring of flight
rCorr   .            o - +6 ring of intelligence
SInv    .            (no ring)
Will    .....        (no ring)
Stlth   ++           (no ring)
HPRegen 0.27/turn    (no ring)
MPRegen 0.51/turn    (no ring)
                     (no ring)

%: no passive effects
@: appendages (expiring), wereblooded, flying
A: tentacle spike 3, almost no armour, amphibious, 8 rings, camouflage 1,
gelatinous body 1, (nimble swimmer 1), tentacles
a: End Transformation


You were on level 4 of the Dungeon.
One of your tentacles had grown a beastly spike.
You visited 1 branch of the dungeon, and saw 4 of its levels.

You collected 137 gold pieces.

Inventory:

Hand Weapons
 a - a +1 short sword
Missiles
 j - 15 stones
 k - 6 poisoned darts
 n - 3 atropa-tipped darts
Jewellery
 d - an amulet of magic regeneration (around mantle)
 g - a ring of flight (left tentacle)
 o - a +6 ring of intelligence (right tentacle)
Wands
 q - a wand of digging (5)
Scrolls
 c - a scroll of amnesia
 m - a scroll of fear
Potions
 b - a potion of magic {unknown}
 e - 2 potions of flight
 f - a potion of cancellation {unknown}
 h - 5 potions of heal wounds
 l - 2 potions of curing
 p - a potion of might {unknown}


   Skills:
 + Level 3.5 Fighting
 + Level 3.9 Dodging
 + Level 4.5 Unarmed Combat
 - Level 2.0 Spellcasting
 - Level 2.0 Transmutations


You had 2 spell levels left.
You knew the following spells:

 Your Spells              Type           Power      Damage    Failure   Level
a - Beastly Appendage     Tmut           22%        N/A       5%          1
b - Wereblood             Tmut           11%        N/A       9%          2
c - Ice Form              Ice/Tmut       6%         N/A       63%         4

Your spell library contained the following spells:

 Spells                   Type           Power      Damage    Failure   Level
 Apportation              Tloc           4%         N/A       13%         1
 Passwall                 Tmut/Erth      5%         N/A       13%         2
 Ensorcelled Hibernation  Hex/Ice        4%         N/A       19%         2
 Spider Form              Tmut/Pois      6%         N/A       26%         3
 Swiftness                Air            2%         N/A       36%         3
 Alistair's Intoxication  Tmut/Pois      4%         N/A       93%         5


Dungeon Overview and Level Annotations

Branches:
Dungeon (4/15)
 Temple: D:4-7

Altars:
Gozag

Annotations:
D:4 Duvessa


Innate Abilities, Weirdness & Mutations

One of your tentacles has grown a beastly spike.
You cannot wear most types of armour.
You are amphibious.
You can wear up to eight rings at the same time.
Your skin changes colour to match your surroundings (Stealth+).
Your rubbery body absorbs attacks. (AC +1, EV +1)
((You are camouflaged when in or above water. (Stealth+)))
You have tentacles for arms and can constrict up to eight enemies at once.


Message History

Your tentacle spike misses the hound.
The hound barely misses you.
You tentacle-slap the hound. Your grab misses the hound.
Your tentacle spike misses the hound.
You tentacle-slap the hound, but do no damage.
The hound is moderately wounded.
The hound bites you. The hound misses you.
You tentacle-slap the hound. You grab the hound. You squeeze the hound.
The hound is severely wounded.
You constrict the hound, but do no damage.
The hound misses you.
You tentacle-slap the hound.
The hound is almost dead.
You howl as the wereblood boils in your veins!
You constrict the hound, but do no damage.
The hound closely misses you.
You tentacle-slap the hound.
You feel a bit better.
You kill the hound!
You start resting.
You howl as the wereblood boils in your veins!
Okay, then.
Okay, then.
Okay, then.
Okay, then.
Your transformation is almost over.
Duvessa goes berserk!
Duvessa misses you.
You tentacle-slap Duvessa but do no damage.
You grab Duvessa.
You constrict Duvessa, but do no damage.
Duvessa barely misses you.
You tentacle-slap Duvessa but do no damage.
You constrict Duvessa, but do no damage.
Duvessa hits you with a +0 short sword! x2
You feel much better.
You constrict Duvessa, but do no damage.
Duvessa hits you with a +0 short sword!!
Ouch! That really hurt!
You tentacle-slap Duvessa.
You pierce Duvessa.
Duvessa is lightly wounded.
You constrict Duvessa. Duvessa hits you with a +0 short sword!
You die...

. ..##..##...# ..
#..#......# ..
...#.....# .# ..#.
#..#....######.#
.#...##...#...........
#§.........#....h.....
#...............
#..##e#.....#...
#..##@#.........
#..##.#....#####
#..##.#....#
...##.#....#
##.###.#....# #.#
#<#....# #. ###.##.#
... .# ##.# ≈.


You could see Duvessa (berserk).

Vanquished Creatures
  An ogre (D:2)
  Dowan (D:4)
  A hound (D:4)
  3 adders
  A worm (D:2)
  3 dart slugs
  4 ball pythons
  5 endoplasms
  4 giant cockroaches
  4 goblins
  10 hobgoblins
  5 kobolds
  4 quokkas
  9 bats
  8 frilled lizards
  4 rats
67 creatures vanquished.

Notes
Turn   | Place    | Note
-------+----------+-------------------------------------------
     0 | D:1      | mandoloar the Octopode Transmuter began the quest for the
                  | Orb.
     0 | D:1      | Reached XP level 1. HP: 13/13 MP: 3/3
   232 | D:1      | Reached XP level 2. HP: 12/18 MP: 5/5
   592 | D:1      | Learned a level 2 spell: Wereblood
   619 | D:1      | Reached XP level 3. HP: 24/24 MP: 3/6
  2007 | D:2      | Reached XP level 4. HP: 20/29 MP: 7/7
  2464 | D:2      | Noticed an ogre
  2471 | D:2      | Killed an ogre
  2472 | D:2      | Reached skill level 4 in Unarmed Combat
  2472 | D:2      | Reached XP level 5. HP: 36/36 MP: 6/8
  2724 | D:3      | HP: 1/36 [cloud of flame (15)]
  3270 | D:3      | Found an opulent altar of Gozag.
  3433 | D:3      | Learned a level 4 spell: Ice Form
  3897 | D:4      | Noticed Duvessa
  3897 | D:4      | Noticed Dowan
  3998 | D:4      | Killed Dowan
  3999 | D:4      | Reached XP level 6. HP: 18/42 MP: 9/9
  4209 | D:4      | Slain by Duvessa

Illustrated notes

Levels and vault maps discovered:
D:1:      dpeg_arrival_radiant, layout_basic
D:2:      layout_loops_corners, nrook_mini_vaults, st_stairs_8
D:3:      layout_basic, nicolae_gozag_seed_capital
D:4:      layout_basic, nicolae_overflow_squiral,
          minmay_temple_entry_drinking_statues, dreamdust_princess_bridge,
          minivault_26, uniq_robin, uniq_duvessa

Skill      XL: |  1  2  3  4 |
---------------+-------------+-----
Fighting       | 2 3 |  3.5
Dodging        | 3 |  3.9
Unarmed Combat | 4 |  4.5
Spellcasting   | |  2.0
Transmutations | |  2.0

Action                     |  1- 3 |  4- 6 || total
---------------------------+-------+-------++-------
  Melee: Unarmed           |    51 |    36 ||    87
         Kick              |    19 |    14 ||    33
         Constrict         |    27 |    11 ||    38
         Tentacles         |    20 |     7 ||    27
         Short sword       |    57 |    15 ||    72
         Punch             |     2 |     2 ||     4
  Throw: Stone             |       |     2 ||     2
   Cast: Beastly Appendage |    27 |    16 ||    43
         Wereblood         |    13 |    12 ||    25
    Use: Scroll            |     3 |     4 ||     7
         Potion            |       |     2 ||     2
   Stab: Sleeping          |     7 |     3 ||    10
 Armour: Skin              |     4 |     3 ||     7
  Dodge: Dodged            |    68 |    27 ||    95

Table legend: (Time is in decaauts)
 A = Elapsed time spent in this place.
 B = Non-inter-level travel time spent in this place.
 C = Inter-level travel time spent in this place.
 D = Time resting spent in this place.
 E = Time spent auto-exploring this place.
 F = Levels seen in this place.
 G = Mean time per level.
                   A        B        C        D        E       F      G
               +--------+--------+--------+--------+--------+-----+--------+
         Total |   4203 |   3890 |    313 |   1114 |   2219 |   4 | 1050.8 |
       Dungeon |   4203 |   3890 |    313 |   1114 |   2219 |   4 | 1050.8 |
               +--------+--------+--------+--------+--------+-----+--------+

Top non-repeatable levels by time:
     D:2: 1412 daAuts
     D:3: 1283 daAuts
     D:1: 1230 daAuts
     D:4: 276 daAuts
